 Dungeon Crawl Stone Soup version 0.30-a0-808-g6e0788376e (webtiles) character file.

Game seed: 17657501068501694357

266 bande the Chopper (level 6, -1/38 HPs)
             Began as a Gargoyle Fighter on Feb 27, 2023.
             Slain by limecruiser's ghost (2 damage)
             ... on level 4 of the Dungeon.
             The game lasted 00:03:56 (2290 turns).

bande the Chopper (Gargoyle Fighter)                Turns: 2290, Time: 00:03:57

Health: -1/38      AC: 13    Str: 20    XL:     6   Next: 20%
Magic:  6/6        EV:  7    Int:  8    God:
Gold:   72         SH:  4    Dex: 11    Spells: 5/5 levels left

rFire   . . .      SeeInvis .    a - +0 war axe
rCold   . . .      Faith    .    c - +0 buckler
rNeg    + . .      Spirit   .    o - +0 chain mail
rPois   ∞          Reflect  .    (no helmet)
rElec   +          Harm     .    (no cloak)
rCorr   .          Rampage  .    (no gloves)
Will    .....                    (no boots) Stlth
                                 (no amulet)
HPRegen 0.26/turn                k - ring of flight
MPRegen 0.10/turn                (no ring)

@: flying
A: sickness immunity, AC +4, negative energy resistance 1, electricity
resistance, torment resistance 1, petrification resistance
a: no special abilities


You were on level 4 of the Dungeon.
You visited 1 branch of the dungeon, and saw 4 of its levels.
You also visited: Sewer.

You collected 72 gold pieces.

Inventory:

Hand Weapons
 a - a +0 war axe (weapon)
 e - a +0 flail
Armour
 c - a +0 buckler (worn)
 o - a +0 chain mail (worn)
Jewellery
 k - a ring of flight (left hand)
Scrolls
 b - a scroll of enchant armour {unknown}
 h - a scroll of magic mapping {unknown}
 j - 2 scrolls of amnesia {unknown}
 q - a scroll of blinking
 r - a scroll of immolation {unknown}
Potions
 d - 2 potions of might
 f - a potion of brilliance {unknown}
 g - 2 potions of attraction {unknown}
 i - 2 potions of lignification {unknown}
 l - a potion of cancellation {unknown}
 m - a potion of invisibility {unknown}
 n - 3 potions of haste {unknown}
 p - a potion of flight {unknown}


   Skills:
 + Level 4.0 Fighting
 + Level 4.3 Axes
 + Level 4.3 Armour
 + Level 4.1 Shields


You had 5 spell levels left.
You didn't know any spells.
Your spell library contained the following spells:

 Spells                   Type           Power      Damage    Failure   Level
 Dazzling Flash           Conj/Hex       0%         N/A       100%        3
 Iskenderun's Mystic Bla  Conj/Tloc      0%         2d3       100%        4
 Starburst                Conj/Fire      0%         6d3       100%        6


Dungeon Overview and Level Annotations

Branches:
Dungeon (4/15)              Sewer (visited)
 Temple: D:4-7

Altars:
Fedhas
Wu Jian
Zin

Shops:
D:3 *

Annotations:
D:4 limecruiser's ghost, weakling FeBe


Innate Abilities, Weirdness & Mutations

You are immune to sickness and miasma.
Your stone body is resilient. (AC +4)
You are immune to poison.
You resist negative energy. (rN+)
You are resistant to electric shocks. (rElec)
You are resistant to unholy torment.
You are immune to petrification.


Message History

Limecruiser's ghost attacks as you move away!
Limecruiser's ghost hits you!
Limecruiser's ghost attacks as you move away!
Limecruiser's ghost hits you!
Limecruiser's ghost whispers, "There is no future for you."
Limecruiser's ghost attacks as you move away!
Limecruiser's ghost closely misses you.
Limecruiser's ghost attacks as you move away!
You block limecruiser's ghost's attack.
Limecruiser's ghost whispers, "The ORB doesn't exist."
Limecruiser's ghost attacks as you move away!
Limecruiser's ghost hits you but does no damage.
Things that are here:
a +0 whip; a +0 club
Things that are here:
a +0 club; a +0 club Limecruiser's ghost yells, "Who would have thought, even in death it is a pleasure to sever!"
Limecruiser's ghost attacks as you move away!
Limecruiser's ghost barely misses you.
There is a stone staircase leading down here.
Limecruiser's ghost hits you.
You fly downwards.
Found two stone staircases leading down.
There is a stone staircase leading up here.
You hit limecruiser's ghost.
Limecruiser's ghost is lightly damaged.
Limecruiser's ghost hits you. x2
You miss limecruiser's ghost.
Limecruiser's ghost is lightly damaged.
Limecruiser's ghost hits you!
* * * LOW HITPOINT WARNING * * *
You miss limecruiser's ghost.
Limecruiser's ghost is lightly damaged.
Limecruiser's ghost hits you but does no damage.
You slash limecruiser's ghost!
Limecruiser's ghost is almost destroyed.
Limecruiser's ghost hits you.
* * * LOW HITPOINT WARNING * * *
Limecruiser's ghost hits you.
You die...

..# #.. ...###
..... . ##.#.#
... #....
.....##..#.##.#
>......@W.>...#
....###.#######
. #.# ..# .##
#. #. #.


You could see limecruiser's ghost.

Vanquished Creatures
  2 bullfrogs (Sewer)
  4 adders
  A river rat (D:3)
  A worm (D:3)
  2 dart slugs
  11 ball pythons
  2 bats (D:1)
  8 endoplasms
  9 giant cockroaches
  7 goblins
  4 hobgoblins
  8 quokkas
  11 frilled lizards
  4 kobolds
  12 rats
86 creatures vanquished.

Notes
Turn   | Place    | Note
-------+----------+-------------------------------------------
     0 | D:1      | bande the Gargoyle Fighter began the quest for the Orb.
     0 | D:1      | Reached XP level 1. HP: 14/14 MP: 1/1
   227 | D:1      | Reached XP level 2. HP: 19/19 MP: 2/2
   704 | D:1      | Reached XP level 3. HP: 23/23 MP: 3/3
  1145 | D:2      | You are sucked into a shaft and drop 1 floor!
  1199 | D:3      | Found a runed translucent gate.
  1199 | D:3      | Found a runed translucent gate.
  1199 | D:3      | Found a runed translucent gate.
  1362 | D:3      | Noticed limecruiser's ghost (weakling FeBe)
  1410 | D:3      | Found a glowing drain.
  1415 | D:3      | Reached XP level 4. HP: 29/29 MP: 4/4
  1433 | Sewer    | Entered a sewer
  1663 | Sewer    | Reached XP level 5. HP: 29/33 MP: 5/5
  1713 | Sewer    | Reached XP level 6. HP: 21/38 MP: 6/6
  1913 | D:3      | Found Zin's Purification Station.
  1922 | D:3      | Found a glowing silver altar of Zin.
  2055 | D:3      | Found an ornate altar of the Wu Jian Council.
  2176 | D:3      | Found a blossoming altar of Fedhas.
  2290 | D:4      | HP: 1/38 [limecruiser's ghost (6)]
  2290 | D:4      | Slain by limecruiser's ghost

Illustrated notes

Levels and vault maps discovered:
D:1:      dpeg_arrival_ratfight, layout_loops_ring
D:2:      layout_basic
D:3:      layout_loops_ring, mainiacjoe_overflow_alcove_4, zin_purify,
          mainiacjoe_overflow_alcove_2, gammafunk_ghost_icy,
          cheibrodos_sewer_entry_sluice, minmay_goblin_outpost
D:4:      layout_loops_cross, grunt_temple_overflow_open,
          biasface_ghost_orc_armoury

Skill      XL: |  1  2  3  4  5 |
---------------+----------------+-----
Axes           | 2 3 4 |  4.3
Shields        | 4 |  4.1
Armour         | 4 |  4.3
Fighting       | 4 |  4.0

Action                     |  1- 3 |  4- 6 || total
---------------------------+-------+-------++-------
  Melee: War axe           |   117 |   123 ||   240
 Armour: Scale mail        |    43 |       ||    43
         Chain mail        |    33 |   105 ||   138
  Dodge: Dodged            |    43 |    56 ||    99
  Block: Buckler           |    28 |    29 ||    57

Table legend: (Time is in decaauts)
 A = Elapsed time spent in this place.
 B = Non-inter-level travel time spent in this place.
 C = Inter-level travel time spent in this place.
 D = Time resting spent in this place.
 E = Time spent auto-exploring this place.
 F = Levels seen in this place.
 G = Mean time per level.
                   A        B        C        D        E       F      G
               +--------+--------+--------+--------+--------+-----+--------+
         Total |   2383 |   2340 |     43 |      0 |   1686 |   5 |  476.6 |
       Dungeon |   1981 |   1938 |     43 |      0 |   1494 |   4 |  495.2 |
         Sewer |    402 |    402 |      0 |      0 |    192 |   1 |  402.0 |
               +--------+--------+--------+--------+--------+-----+--------+

Top non-repeatable levels by time:
     D:1: 903 daAuts
     D:3: 799 daAuts
   Sewer: 402 daAuts
     D:2: 273 daAuts
     D:4: 4 daAuts
